HSSL
BILLINGS WEST HS GOLDEN BEARS @ SHELBY HS ROCKETS
05/05/2030
 
TOP OF THE 1ST
Billings West HS Golden Bears batting - Pitching for Shelby HS Rockets : LHP Cristián Sierra
Pitching: LHP Cristián Sierra
Batting: RHB Larry Olson 0-0: Ball
1-0: Ground out 6-3 (Groundball, 6)
Batting: SHB Christian Goodwin 0-0: Fly out, F9 (Flyball, 9)
Batting: LHB Roy Jones 0-0: Swinging Strike
0-1: Ball
1-1: Foul Ball, location: 2F
1-2: Foul Ball, location: 2F
1-2: Ball
2-2: Ball
3-2: Foul Ball, location: 2F
3-2: Reached on error, E6 (Groundball, 6)
Batting: LHB Simon Morin 0-0: Called Strike
0-1: TRIPLE (Flyball, 8RXD)
Roy Jones scores
Batting: LHB Cristián Paredes 0-0: Foul Ball, location: 2F
0-1: Called Strike
0-2: Ball
1-2: Strikes out swinging
Top of the 1st over - 1 run, 1 hit, 1 error, 1 left on base; Billings West HS 1 - Shelby HS 0
BOTTOM OF THE 1ST
Shelby HS Rockets batting - Pitching for Billings West HS Golden Bears : RHP Jesse Mertz
Pitching: RHP Jesse Mertz
Batting: SHB Joe Jenkins 0-0: Swinging Strike
0-1: Ball
1-1: Called Strike
1-2: Strikes out swinging
Batting: RHB Reynaldo Oliva 0-0: Ball
1-0: Foul Ball, location: 2F
1-1: Ball
2-1: SINGLE (Groundball, 56D)
Batting: LHB Ron Davis 0-0: Ground out U3 (Groundball, 3S)
Reynaldo Oliva to second
Batting: RHB Art McDonald 0-0: Ball
1-0: Called Strike
1-1: Foul Ball, location: 2F
1-2: Ball
2-2: Foul Ball, location: 2F
2-2: Foul Ball, location: 2F
2-2: Ground out 4-3 (Groundball, 4)
Bottom of the 1st over - 0 runs, 1 hit, 0 errors, 1 left on base; Billings West HS 1 - Shelby HS 0
TOP OF THE 2ND
Billings West HS Golden Bears batting - Pitching for Shelby HS Rockets : LHP Cristián Sierra
Batting: LHB Alberto Pérez 0-0: Called Strike
0-1: SINGLE (Line Drive, 7LS)
Batting: RHB J.J. Chapman 0-0: Ball
1-0: Foul Ball, location: 2F
1-1: Foul Ball, location: 2F
1-2: Ball
2-2: Foul Ball, location: 2F
2-2: Ball
3-2: Fly out, F8 (Flyball, 8RXD)
Batting: SHB Mike Hooper 0-0: Ball
1-0: Ball
2-0: Ball
3-0: Called Strike
3-1: Foul Ball, location: 2F
3-2: Foul Ball, location: 2F
3-2: Foul Ball, location: 2F
3-2: Foul Ball, location: 2F
3-2: Reached on error, E5 (Groundball, 56S)
Alberto Pérez to second
Batting: RHB Curt Sinclair 0-0: Ball
1-0: Foul Ball, location: 2F
1-1: Foul Ball, location: 2F
1-2: Strikes out swinging
Batting: RHB Larry Olson 0-0: Called Strike
0-1: Ball
1-1: Ball
2-1: Foul Ball, location: 2F
2-2: Foul Ball, location: 2F
2-2: 3-RUN HOME RUN (Flyball, 78XD), Distance : 428 ft
Batting: SHB Christian Goodwin 0-0: Called Strike
0-1: Ground out 6-3 (Groundball, 6)
Top of the 2nd over - 3 runs, 2 hits, 1 error, 0 left on base; Billings West HS 4 - Shelby HS 0
BOTTOM OF THE 2ND
Shelby HS Rockets batting - Pitching for Billings West HS Golden Bears : RHP Jesse Mertz
Batting: LHB Ben Ward 0-0: Called Strike
0-1: Ball
1-1: Ball
2-1: SINGLE (Flyball, 9S)
Batting: RHB José Zamora 0-0: Ball
1-0: Fielders Choice at 2nd, 1-6 (Groundball, 13S)
Batting: RHB Jesús García 0-0: Ball
1-0: Foul Ball, location: 2F
1-1: Ball
2-1: Called Strike
2-2: Strikes out swinging
Batting: RHB David Ordóñez 0-0: Ball
1-0: Ball
2-0: Called Strike
2-1: Foul Ball, location: 2F
2-2: Ball
3-2: Fly out, F9 (Flyball, 9LM)
Bottom of the 2nd over - 0 runs, 1 hit, 0 errors, 1 left on base; Billings West HS 4 - Shelby HS 0
TOP OF THE 3RD
Billings West HS Golden Bears batting - Pitching for Shelby HS Rockets : LHP Cristián Sierra
Batting: LHB Roy Jones 0-0: Called Strike
0-1: Foul Ball, location: 2F
0-2: Ball
1-2: Foul Ball, location: 2F
1-2: Ball
2-2: Ball
3-2: Base on Balls
Batting: LHB Simon Morin 0-0: Ball
1-0: Called Strike
1-1: Foul Ball, location: 2F
1-2: Foul Ball, location: 2F
1-2: Foul Ball, location: 2F
1-2: Ball
2-2: Ball
3-2: Foul Ball, location: 2F
3-2: Foul Ball, location: 2F
3-2: Base on Balls
Roy Jones to second
Batting: LHB Cristián Paredes 0-0: Foul Ball, location: 2F
0-1: Ball
1-1: Foul Ball, location: 2F
1-2: Strikes out swinging
Batting: LHB Alberto Pérez 0-0: Ball
1-0: Ball
2-0: Ball
3-0: Called Strike
3-1: Base on Balls
Roy Jones to third
Simon Morin to second
Batting: RHB J.J. Chapman 0-0: Called Strike
0-1: Swinging Strike
0-2: Strikes out swinging
Batting: SHB Mike Hooper 0-0: Ball
1-0: Foul Ball, location: 2F
1-1: Ball
2-1: Foul Ball, location: 2F
2-2: Hit by Pitch
Roy Jones scores
Simon Morin to third
Alberto Pérez to second
Pitching: RHP Dewitt Hall
Batting: RHB Curt Sinclair 0-0: Ball
1-0: Called Strike
1-1: Swinging Strike
1-2: Strikes out looking
Top of the 3rd over - 1 run, 0 hits, 0 errors, 3 left on base; Billings West HS 5 - Shelby HS 0
BOTTOM OF THE 3RD
Shelby HS Rockets batting - Pitching for Billings West HS Golden Bears : RHP Jesse Mertz
Batting: RHB Eddie Bourgeois 0-0: Ball
1-0: SINGLE (Flyball, 78S)
Batting: SHB Joe Jenkins 0-0: Ball
1-0: Fly out, F8 (Flyball, 8LM)
Batting: RHB Reynaldo Oliva 0-0: Grounds into double play, 4-6-3 (Groundball, 4)
Bottom of the 3rd over - 0 runs, 1 hit, 0 errors, 0 left on base; Billings West HS 5 - Shelby HS 0
TOP OF THE 4TH
Billings West HS Golden Bears batting - Pitching for Shelby HS Rockets : RHP Dewitt Hall
Batting: RHB Larry Olson 0-0: Ball
1-0: Ball
2-0: Foul Ball, location: 2F
2-1: Ball
3-1: Fly out, F8 (Line Drive, 8LD)
Batting: SHB Christian Goodwin 0-0: Swinging Strike
0-1: Ball
1-1: Called Strike
1-2: Foul Ball, location: 2F
1-2: Foul Ball, location: 2F
1-2: Ball
2-2: SINGLE (Line Drive, 9LS)
Batting: LHB Roy Jones 0-0: Called Strike
Christian Goodwin steals 2nd base
0-1: Swinging Strike
0-2: Ball
1-2: Foul Ball, location: 2F
1-2: Foul Ball, location: 2F
1-2: Ball
2-2: Strikes out swinging
Batting: LHB Simon Morin 0-0: Ball
1-0: Swinging Strike
1-1: Called Strike
1-2: Strikes out swinging
Top of the 4th over - 0 runs, 1 hit, 0 errors, 1 left on base; Billings West HS 5 - Shelby HS 0
BOTTOM OF THE 4TH
Shelby HS Rockets batting - Pitching for Billings West HS Golden Bears : RHP Jesse Mertz
Batting: LHB Ron Davis 0-0: Called Strike
0-1: DOUBLE (Line Drive, 78D)
Batting: RHB Art McDonald 0-0: Ball
1-0: Called Strike
1-1: Reached via error on a dropped throw, E3
Ron Davis to third
Batting: LHB Ben Ward 0-0: Ball
1-0: Ball
2-0: Ball
3-0: Base on Balls
Art McDonald to second
Batting: RHB José Zamora 0-0: Ball
1-0: Called Strike
1-1: Foul Ball, location: 2F
1-2: Ground out U3 (Groundball, 34S)
Ron Davis scores
Art McDonald to third
Ben Ward to second
Batting: RHB Jesús García 0-0: Swinging Strike
0-1: Ball
1-1: Foul Ball, location: 2F
1-2: Ball
Wild Pitch!
Art McDonald scores
Ben Ward to third
2-2: SINGLE (Groundball, 6MD)
Ben Ward scores
Batting: RHB David Ordóñez 0-0: Foul Ball, location: 2F
0-1: SINGLE (Flyball, 78S)
Jesús García to second
Batting: RHB Eddie Bourgeois 0-0: Ball
1-0: Called Strike
1-1: DOUBLE (Flyball, 89D)
Jesús García scores
David Ordóñez to third
Batting: SHB Joe Jenkins 0-0: Ball
1-0: Foul Ball, location: 2F
1-1: Ball
2-1: Called Strike
2-2: Foul Ball, location: 2F
2-2: Strikes out swinging
Batting: RHB Reynaldo Oliva 0-0: Called Strike
0-1: Called Strike
0-2: Foul Ball, location: 2F
0-2: SINGLE (Groundball, 56D)
David Ordóñez scores
Eddie Bourgeois to third
Runner from 3rd tries for Home, SAFE, throw made home
Batting: LHB Ron Davis 0-0: Ball
1-0: Swinging Strike
1-1: Ball
2-1: Ball
3-1: Called Strike
3-2: Foul Ball, location: 2F
3-2: Foul Ball, location: 2F
3-2: SINGLE (Line Drive, 9S)
Reynaldo Oliva to second
Reynaldo Oliva to third
Pitching: LHP Brad Crockett
Batting: RHB Art McDonald 0-0: Ball
1-0: Ball
2-0: Ball
3-0: Called Strike
3-1: Foul Ball, location: 2F
3-2: Foul Ball, location: 2F
3-2: Base on Balls
Ron Davis to second
Batting: LHB Ben Ward 0-0: Reached on error, E6 (Groundball, 6)
Reynaldo Oliva scores
Ron Davis to third
Art McDonald to second
Batting: RHB José Zamora 0-0: Foul Ball, location: 2F
0-1: Called Strike
0-2: Fly out, F8 (Flyball, 89D)
Bottom of the 4th over - 7 runs, 6 hits, 2 errors, 3 left on base; Billings West HS 5 - Shelby HS 7
TOP OF THE 5TH
Billings West HS Golden Bears batting - Pitching for Shelby HS Rockets : RHP Dewitt Hall
Batting: LHB Cristián Paredes 0-0: Ball
1-0: SOLO HOME RUN (Flyball, 9LD), Distance : 356 ft
Batting: LHB Alberto Pérez 0-0: Called Strike
0-1: Foul Ball, location: 2F
0-2: Ball
1-2: Strikes out swinging
Batting: RHB J.J. Chapman 0-0: Called Strike
0-1: Ball
1-1: Fly out, F8 (Line Drive, 8LM)
Batting: SHB Mike Hooper 0-0: Ball
1-0: Swinging Strike
1-1: Reached on error, E2 (Groundball, 2L)
Batting: RHB Curt Sinclair 0-0: Called Strike
0-1: Ball
1-1: Ball
2-1: Foul Ball, location: 2F
2-2: Ball
3-2: Foul Ball, location: 2F
3-2: Fly out, F6 (Popup, 6M)
Top of the 5th over - 1 run, 1 hit, 1 error, 1 left on base; Billings West HS 6 - Shelby HS 7
BOTTOM OF THE 5TH
Shelby HS Rockets batting - Pitching for Billings West HS Golden Bears : LHP Brad Crockett
Batting: RHB Jesús García 0-0: Foul Ball, location: 2F
0-1: Ground out 5-3 (Groundball, 56S)
Batting: RHB David Ordóñez 0-0: DOUBLE (Line Drive, 78D)
Batting: RHB Eddie Bourgeois 0-0: Ball
1-0: Swinging Strike
1-1: Foul Ball, location: 2F
1-2: Fly out, F8 (Flyball, 8LM)
Batting: SHB Joe Jenkins 0-0: Ball
Wild Pitch!
David Ordóñez to third
1-0: Ball
2-0: Ball
3-0: Swinging Strike
3-1: Foul Ball, location: 2F
3-2: Base on Balls
Batting: RHB Reynaldo Oliva 0-0: Called Strike
0-1: Ball
1-1: Swinging Strike
1-2: Ground out U3 (Groundball, 34)
Bottom of the 5th over - 0 runs, 1 hit, 0 errors, 2 left on base; Billings West HS 6 - Shelby HS 7
TOP OF THE 6TH
Billings West HS Golden Bears batting - Pitching for Shelby HS Rockets : RHP Dewitt Hall
Batting: RHB Larry Olson 0-0: Ball
1-0: Ball
2-0: Called Strike
2-1: Ball
3-1: Base on Balls
Batting: SHB Christian Goodwin 0-0: Ball
1-0: Fielders Choice at 2nd, 2-4 (Groundball, 2L)
Pitching: RHP Scott Wilson
Batting: LHB Roy Jones 0-0: Ball
1-0: Foul Ball, location: 2F
1-1: Ball
2-1: Ball
3-1: Called Strike
3-2: Foul Ball, location: 2F
3-2: Base on Balls
Christian Goodwin to second
Batting: LHB Simon Morin 0-0: Called Strike
Christian Goodwin steals 3rd base
0-1: Ball
1-1: Foul Ball, location: 2F
1-2: Fly out, F7 (Flyball, 7)
Runner from 3rd tags up, SCORES, no throw
Batting: LHB Cristián Paredes 0-0: Ball
Roy Jones steals 2nd base
1-0: Called Strike
1-1: Ball
2-1: Called Strike
2-2: Foul Ball, location: 2F
2-2: Ball
3-2: Foul Ball, location: 2F
3-2: Base on Balls
Batting: LHB Alberto Pérez 0-0: Ball
1-0: Ground out 4-3 (Groundball, 4)
Top of the 6th over - 1 run, 0 hits, 0 errors, 2 left on base; Billings West HS 7 - Shelby HS 7
BOTTOM OF THE 6TH
Shelby HS Rockets batting - Pitching for Billings West HS Golden Bears : LHP Brad Crockett
Batting: LHB Ron Davis 0-0: Called Strike
0-1: Called Strike
0-2: Ground out 4-3 (Groundball, 4)
Batting: RHB Art McDonald 0-0: Ball
1-0: Ball
2-0: Ball
3-0: Called Strike
3-1: Foul Ball, location: 2F
3-2: Foul Ball, location: 2F
3-2: Foul Ball, location: 2F
3-2: Base on Balls
Batting: LHB Ben Ward 0-0: Called Strike
0-1: Ball
1-1: SINGLE (Groundball, 4D)
Art McDonald to second
Runner from 2nd tries for 3rd, SAFE, throw made to third
Batting: RHB José Zamora 0-0: Ball
1-0: Fly out, F3 (Popup, 34S)
Batting: RHB Jesús García 0-0: Ball
1-0: Ground out 5-3 (Groundball, 5S)
Bottom of the 6th over - 0 runs, 1 hit, 0 errors, 2 left on base; Billings West HS 7 - Shelby HS 7
TOP OF THE 7TH
Billings West HS Golden Bears batting - Pitching for Shelby HS Rockets : RHP Scott Wilson
Pinch Hitting: RHB Barney Miller 0-0: Called Strike
0-1: Ball
1-1: Swinging Strike
1-2: Foul Ball, location: 2F
1-2: Hit by Pitch
Pinch Hitting: LHB Jeremy Thompson 0-0: Called Strike
0-1: Fielders Choice at 2nd, 4-6 (Groundball, 4)
Batting: RHB Curt Sinclair 0-0: Ball
1-0: Foul Ball, location: 2F
1-1: Ball
2-1: Foul Ball, location: 2F
2-2: Foul Ball, location: 2F
2-2: Ball
3-2: Base on Balls
Jeremy Thompson to second
Batting: RHB Larry Olson 0-0: Called Strike
0-1: Ball
1-1: Called Strike
1-2: Strikes out looking
Batting: SHB Christian Goodwin 0-0: Ball
1-0: Swinging Strike
1-1: Called Strike
1-2: Ground out 5-3 (Groundball, 56S)
Top of the 7th over - 0 runs, 0 hits, 0 errors, 2 left on base; Billings West HS 7 - Shelby HS 7
BOTTOM OF THE 7TH
Shelby HS Rockets batting - Pitching for Billings West HS Golden Bears : LHP Brad Crockett
Now at 1B: Grant Turner
Now in RF: Jeremy Thompson
Batting: RHB David Ordóñez 0-0: Foul Ball, location: 2F
0-1: Swinging Strike
0-2: SINGLE (Groundball, 56S) (infield hit)
Pinch Hitting: RHB Sergio Ramírez 0-0: Swinging Strike
0-1: Ball
1-1: Called Strike
1-2: Ball
2-2: Ball
Wild Pitch!
David Ordóñez to second
3-2: Intentional Walk
Batting: SHB Joe Jenkins 0-0: SINGLE (Flyball, 89S)
David Ordóñez to third
Sergio Ramírez to second
Batting: RHB Reynaldo Oliva 0-0: Ball
1-0: Called Strike
1-1: Foul Ball, location: 2F
1-2: Foul Ball, location: 2F
1-2: Foul Ball, location: 2F
1-2: Ball
2-2: Fly out, F8 (Flyball, 8RM)
Batting: LHB Ron Davis 0-0: Ball
1-0: SINGLE (Line Drive, 9S)
David Ordóñez scores
Sergio Ramírez to third
Joe Jenkins to second
Runner from 3rd tries for Home, SAFE, no throw
Batting: RHB Art McDonald 0-0: Called Strike
Joe Jenkins steals 3rd base
0-1: Swinging Strike
0-2: Ball
1-2: DOUBLE (Line Drive, 9LD)
Joe Jenkins scores
Ron Davis to third
Runner from 3rd tries for Home, SAFE, no throw
Batting: LHB Ben Ward 0-0: Ball
1-0: Ball
2-0: Ball
3-0: Foul Ball, location: 2F
3-1: Base on Balls
Pitching: RHP Jim Williams
Batting: RHB José Zamora 0-0: Ball
1-0: Foul Ball, location: 2F
1-1: Foul Ball, location: 2F
1-2: Fielders Choice at 2nd, 6-4 (Groundball, 6M)
Art McDonald to third
Batting: RHB Jesús García 0-0: Ball
1-0: Ball
2-0: Ball
3-0: Called Strike
3-1: Base on Balls
José Zamora to second
Batting: RHB David Ordóñez 0-0: Ball
1-0: Ball
2-0: Foul Ball, location: 2F
2-1: Foul Ball, location: 2F
2-2: Foul Ball, location: 2F
2-2: Foul Ball, location: 2F
2-2: Fielders Choice at 2nd, 6-4 (Groundball, 6)
Bottom of the 7th over - 4 runs, 4 hits, 0 errors, 3 left on base; Billings West HS 7 - Shelby HS 11
TOP OF THE 8TH
Billings West HS Golden Bears batting - Pitching for Shelby HS Rockets : RHP Scott Wilson
Now at 3B: Mario Flores
Batting: LHB Roy Jones 0-0: Called Strike
0-1: Swinging Strike
0-2: Strikes out swinging
Batting: LHB Simon Morin 0-0: Called Strike
0-1: Fly out, F9 (Flyball, 9)
Batting: LHB Cristián Paredes 0-0: Ball
1-0: Called Strike
1-1: Called Strike
1-2: Strikes out swinging
Top of the 8th over - 0 runs, 0 hits, 0 errors, 0 left on base; Billings West HS 7 - Shelby HS 11
BOTTOM OF THE 8TH
Shelby HS Rockets batting - Pitching for Billings West HS Golden Bears : RHP Jim Williams
Batting: RHB Mario Flores 0-0: Ball
1-0: Ball
2-0: Ball
3-0: Base on Balls
Batting: SHB Joe Jenkins 0-0: Ball
1-0: Ball
2-0: Ball
3-0: Called Strike
3-1: Foul Ball, location: 2F
3-2: Foul Ball, location: 2F
3-2: Base on Balls
Mario Flores to second
Batting: RHB Reynaldo Oliva 0-0: Called Strike
0-1: Called Strike
0-2: Ball
1-2: Ball
2-2: Ball
3-2: Grounds into double play, 5-4-3 (Groundball, 56)
Mario Flores to third
Batting: LHB Ron Davis 0-0: Ball
1-0: Ball
2-0: Ball
3-0: Called Strike
3-1: Foul Ball, location: 2F
3-2: Base on Balls
Batting: RHB Art McDonald 0-0: Ball
1-0: Foul Ball, location: 2F
1-1: Ball
2-1: Ball
3-1: Foul Ball, location: 2F
3-2: Foul Ball, location: 2F
3-2: Base on Balls
Ron Davis to second
Batting: LHB Ben Ward 0-0: Called Strike
0-1: Ball
1-1: Ball
2-1: Ball
3-1: Base on Balls
Mario Flores scores
Ron Davis to third
Art McDonald to second
Batting: RHB José Zamora 0-0: Called Strike
0-1: Ball
1-1: Ball
2-1: Ball
3-1: Foul Ball, location: 2F
3-2: Base on Balls
Ron Davis scores
Art McDonald to third
Ben Ward to second
Batting: RHB Jesús García 0-0: Ball
1-0: Foul Ball, location: 2F
1-1: Foul Ball, location: 2F
1-2: Foul Ball, location: 2F
1-2: Ball
2-2: SINGLE (Flyball, 8RS)
Art McDonald scores
Ben Ward to third
José Zamora to second
Runner from 3rd tries for Home, SAFE, no throw
Pitching: RHP Phil Nicol
Batting: RHB David Ordóñez 0-0: Foul Ball, location: 2F
0-1: Called Strike
0-2: Ball
1-2: Foul Ball, location: 2F
1-2: Foul Ball, location: 2F
1-2: Fielders Choice at 2nd, 6-4 (Groundball, 6)
Bottom of the 8th over - 4 runs, 1 hit, 0 errors, 2 left on base; Billings West HS 7 - Shelby HS 15
TOP OF THE 9TH
Billings West HS Golden Bears batting - Pitching for Shelby HS Rockets : RHP Scott Wilson
Batting: LHB Alberto Pérez 0-0: Ball
1-0: Ball
2-0: Swinging Strike
2-1: Swinging Strike
2-2: Ball
3-2: Base on Balls
Pitching: LHP Bob Thompson
Batting: RHB Grant Turner 0-0: Ball
1-0: Foul Ball, location: 2F
1-1: Foul Ball, location: 2F
1-2: Ball
2-2: Ball
3-2: Strikes out swinging
Alberto Pérez steals 2nd base
Batter strikes out.
Batting: LHB Jeremy Thompson 0-0: Ball
1-0: Called Strike
1-1: SINGLE (Line Drive, 9S)
Alberto Pérez to third
Batting: RHB Curt Sinclair 0-0: Foul Ball, location: 2F
0-1: Ball
1-1: Foul Ball, location: 2F
1-2: Strikes out swinging
Batting: RHB Larry Olson 0-0: Called Strike
0-1: Called Strike
0-2: Strikes out swinging
Top of the 9th over - 0 runs, 1 hit, 0 errors, 2 left on base; Billings West HS 7 - Shelby HS 15
Saturday, April 7th, 2018 - OOTP Baseball 18.8 Build 76